Map: Moonlight Madness LE (Void)

Players

Adaana

  • Race: Zerg Zerg
  • League: Platinum

ZerotheHero

  • Race: Zerg Zerg
  • League: Grandmaster

MoonLjth - Winner!

  • Race: Protoss Protoss
  • League: Platinum

iQuitBYE - Winner!

  • Race: Protoss Protoss
  • League: Grandmaster

VOD

Have the link to the VOD?

Description

Time

  • Played on: Oct. 3, 2015, 2:15 p.m.
  • Length: 8:06
Show
View Real Time Build Order
Export as new Build Order

Adaana Zerg 

Build Orders: Hatch First 

Get SALT Encoding   

  12  0:01  Drone  
  13  0:09  Drone  
  14  0:17  Overlord  
  14  0:23  Drone, Extractor  
  15  0:47  Hatchery  
  15  0:49  Drone  
  15  0:52  Drone  
  15  0:55  Drone  
  17  1:11  Spawning Pool  
  17  1:14  Drone  
  17  1:16  Drone  
  18  1:26  Overlord  
  18  1:27  Extractor  
  18  1:32  Drone  
  18  1:43  Drone  
  19  1:56  Drone  
  19  1:58  Queen  
  19  1:59  Zergling x2  
  19  2:00  Queen  
  25  2:04  Drone  
  26  2:10  Drone  
  27  2:23  Drone x2  
  27  2:24  Roach Warren  
  28  2:38  Overlord  
  28  2:39  Drone x2  
  30  2:45  Lair  
  29  2:55  Queen  
  31  3:02  Zergling x4  
  31  3:04  Roach x2  
  36  3:25  Drone  
  36  3:26  Drone x5  
  42  3:39  Drone x2  
  42  3:40  Extractor  
  42  3:43  Glial Reconstitution  
  42  3:46  Drone  
  42  3:47  Overlord x2  
  43  3:59  Overlord  
  43  4:05  Drone  
  43  4:06  Drone  
  43  4:07  Drone x3  
  43  4:08  Drone  
  49  4:17  Drone  
  49  4:18  Drone, Overlord  
  51  4:30  Drone  
  52  4:32  Evolution Chamber  
  52  4:34  Spore Crawler  
  52  4:36  Overseer  
  52  4:37  Hatchery  
  52  4:38  Spore Crawler, Drone  
  49  4:40  Drone  
  49  4:42  Extractor  
  49  4:44  Drone x2  
  51  4:46  Drone  
  52  4:59  Zerg Missile Weapons Level 1  
  52  5:01  Burrow  
  52  5:06  Tunneling Claws  
  52  5:10  Overlord  
  52  5:11  Overlord  
  52  5:16  Spine Crawler, Roach  
  52  5:18  Spine Crawler, Roach  
  52  5:21  Roach  
  56  5:23  Roach  
  58  5:29  Roach x2  
  58  5:32  Roach  
  58  5:33  Roach  
  66  5:40  Roach x2  
  68  5:48  Drone x2  
  68  5:49  Roach x2  
  74  5:50  Roach  
  76  6:02  Roach x3  
  82  6:07  Roach x16  
  82  6:12  Roach x2  
  82  6:13  Roach x3  
  82  6:14  Roach x15  
  92  6:19  Roach x15  
  92  6:20  Roach x2  
  92  6:21  Overlord  
  96  6:27  Roach x20  
  96  6:32  Roach x16  
  80  6:56  Roach x14  
  84  7:06  Roach x2  
  84  7:07  Roach x2  
  79  7:28  Roach x4  
  83  7:34  Overlord x2  
  79  7:40  Overlord  
  79  7:41  Overlord x2  
Show
View Real Time Build Order
Export as new Build Order

ZerotheHero Zerg 

Build Orders:  

Get SALT Encoding   

  12  0:01  Probe (Chrono Boost)  
  13  0:17  Probe (Chrono Boost), Pylon  
  14  0:28  Probe (Chrono Boost)  
  15  0:37  Gateway  
  15  0:38  Probe (Chrono Boost)  
  16  0:44  Assimilator  
  16  0:49  Probe (Chrono Boost)  
  17  0:52  Assimilator  
  17  0:59  Probe (Chrono Boost)  
  18  1:05  Pylon  
  18  1:10  Probe (Chrono Boost)  
  19  1:20  Probe (Chrono Boost)  
  19  1:24  Cybernetics Core  
  20  1:31  Probe (Chrono Boost)  
  23  1:52  Nexus  
  23  2:01  Warp Gate  
  23  2:02  Mothership Core (Chrono Boost)  
  23  2:06  Adept  
  25  2:22  Probe (Chrono Boost)  
  26  2:30  Robotics Facility  
  26  2:32  Probe (Chrono Boost)  
  27  2:41  Pylon  
  27  2:43  Probe (Chrono Boost)  
  28  2:53  Probe (Chrono Boost)  
  28  2:56  Sentry  
  31  3:04  Probe x2 (Chrono Boost)  
  33  3:11  Pylon  
  33  3:14  Probe (Chrono Boost)  
  33  3:15  Probe (Chrono Boost)  
  35  3:25  Probe x2 (Chrono Boost)  
  37  3:28  Immortal  
  41  3:36  Probe (Chrono Boost)  
  41  3:37  Probe (Chrono Boost)  
  41  3:46  Probe (Chrono Boost)  
  41  3:48  Gateway  
  43  3:49  Probe (Chrono Boost)  
  43  3:57  Probe (Chrono Boost)  
  43  4:01  Probe (Chrono Boost)  
  45  4:02  Immortal  
  45  4:05  Sentry  
  45  4:07  Probe (Chrono Boost)  
  52  4:13  Probe (Chrono Boost), Pylon  
  52  4:16  Assimilator  
  53  4:18  Probe (Chrono Boost)  
  54  4:32  Gateway  
  54  4:35  Gateway  
  54  4:36  Gateway  
  54  4:39  Warp Prism  
  54  4:41  Probe (Chrono Boost)  
  54  4:43  Pylon  
  57  4:51  Sentry x2  
  61  5:02  Gateway  
  61  5:03  Gateway  
  61  5:11  Pylon  
  61  5:17  Adept  
  61  5:18  Adept  
  65  5:23  Probe (Chrono Boost)  
  65  5:26  Assimilator  
  65  5:27  Probe (Chrono Boost)  
  65  5:28  Pylon  
  67  5:29  Pylon  
  67  5:31  Pylon  
  67  5:34  Pylon  
  67  5:42  Observer  
  68  5:50  Stalker x4  
  68  5:51  Stalker  
  78  6:13  Adept x3  
  78  6:14  Adept x3  
  90  6:25  Stalker  
  89  6:36  Stalker x5  
  89  6:37  Stalker  
  97  6:47  Immortal  
  95  6:58  Stalker x3  
  91  7:01  Stalker  
  89  7:17  Stalker  
  89  7:18  Stalker x2  
  89  7:20  Stalker  
  97  7:24  Immortal  
  101  7:35  Zealot x2  
  101  7:36  Zealot  
  107  7:39  Probe x2 (Chrono Boost)  
  109  7:51  Probe x2 (Chrono Boost)  
  103  7:58  Adept  
  103  7:59  Adept x2  
  103  8:00  Adept x2  
  103  8:01  Adept  
  103  8:03  Sentry  
Show
View Real Time Build Order
Export as new Build Order

MoonLjth Protoss - Winner!

Build Orders:  

Get SALT Encoding   

Show
View Real Time Build Order
Export as new Build Order

iQuitBYE Protoss - Winner!

Build Orders:  

Get SALT Encoding   

Tags
 
Add a new tag
Caveats
  • Supply blocks, unpowered buildings, or Contaminate may cause inaccurate times.
  • Supply counts are checked every 10 seconds.